 Dungeon Crawl Stone Soup version 0.30-a0-118-ga018f8e90f (webtiles) character file.

Game seed: 2198877556784013442

1662 MisterAzrael the Magician (level 9, -1/68 HPs)
             Began as a Djinni Fire Elementalist on Sept 13, 2022.
             Slain by a yak (7 damage)
             ... on level 6 of the Dungeon.
             The game lasted 00:13:35 (7917 turns).

MisterAzrael the Magician (DjFE)                    Turns: 7917, Time: 00:13:36

Health: -1/68      AC:  5    Str: 11    XL:     9   Next: 20%
Gold:   316        EV: 12    Int: 16    God:
                   SH:  5    Dex: 15

rFire   + + .      SeeInvis .    x - +1 trident (protect)
rCold   x . .      Faith    .    (no shield)
rNeg    + . .      Spirit   .    a - +0 robe
rPois   ∞          Reflect  +    r - +0 helmet
rElec   .          Harm     .    s - +0 cloak
rCorr   .          Rampage  .    e - +0 pair of gloves
Will    .....                    (boots unavailable)
Stlth   ++........               v - amulet of reflection
HPRegen 0.21/turn                g - ring of positive energy
MPRegen 0.00/turn                j - ring of wizardry

@: flying
A: sickness immunity, fire resistance 2, cold vulnerability 1, float, innate
caster, HP casting, extra vitality 1
a: no special abilities


You were on level 6 of the Dungeon.
You visited 2 branches of the dungeon, and saw 7 of its levels.

You collected 316 gold pieces.

Inventory:

Hand Weapons
 h - a +2 dagger of electrocution
 q - a +2 sling of freezing
 x - a +1 trident of protection (weapon)
Missiles
 y - a throwing net
Armour
 a - a +0 robe (worn)
 e - a +0 pair of gloves (worn)
 r - a +0 helmet (worn)
 s - a +0 cloak (worn)
Jewellery
 g - a ring of positive energy (left hand)
 j - a ring of wizardry (right hand)
 k - a ring of ice
 v - an amulet of reflection (around neck)
Scrolls
 b - a scroll of butterflies {unknown}
 c - 4 scrolls of identify
 d - 2 scrolls of summoning {unknown}
 l - a scroll of magic mapping
 m - a scroll of enchant armour
 n - a scroll of vulnerability {unknown}
 o - a scroll of teleportation
 t - a scroll of brand weapon {unknown}
 u - a scroll of noise {unknown}
 w - a scroll of torment {unknown}


   Skills:
 + Level 7.0 Fighting
 - Level 2.1 Dodging
 - Level 1.5 Stealth
 * Level 7.0 Spellcasting


You couldn't memorise any spells.
You knew the following spells:

 Your Spells              Type           Power      Damage    Failure   Level
a - Foxfire               Conj/Fire      100%       2x1d9     1%          1
b - Scorch                Fire           56%        2d8       1%          2
c - Kindle Blastsparks    Fire/Tloc/Air  56%        2d14      1%          3
d - Inner Flame           Hex/Fire       28%        N/A       1%          3
e - Flame Wave            Conj/Fire      28%        2d9       2%          4
f - Sting                 Tmut/Pois      100%       1d8       1%          1
g - Static Discharge      Conj/Air       56%        3-7/arc   1%          2
h - Passwall              Tmut/Erth      23%        N/A       1%          2
i - Hailstorm             Conj/Ice       28%        3d8       2%          4
Your spell library was empty.

Dungeon Overview and Level Annotations

Branches:
Dungeon (6/15)             Temple (1/1) D:6

Altars:
Ashenzari
Cheibriados
Fedhas
Nemelex Xobeh
Okawaru
Ru
Trog
Uskayaw
Xom
Zin
The Shining One

Annotations:
D:5 2 transporters


Innate Abilities, Weirdness & Mutations

You are immune to sickness and miasma.
You are immune to poison.
Your flesh is very heat resistant. (rF++)
You are vulnerable to cold. (rC-)
You float through the air rather than walking.
You learn spells naturally, not from books.
Your magical power is your life essence.
You have superior vitality. (+4 MHP)


Message History

Flame seeps out of the yak.
Casting: Kindle Blastsparks (safe; 1% risk of failure)
Confirm with . or Enter, or press ? or * to list all spells.
A cloud of volatile blastsparks flares up around you!
* * * LOW HITPOINT WARNING * * *
You are engulfed in volatile sparks.
The yak's inner flame fades away.
The cloud of blastsparks explodes!
The concussive blast engulfs the yak!
You kill the yak!
Your Fighting skill increases to level 7!
Your Spellcasting skill increases to level 7!
You aren't carrying any potions.
As you read the scroll of teleportation, it crumbles to dust.
You feel strangely unstable.
Your surroundings suddenly seem different.
You start resting.
A yak is nearby!
Casting: Kindle Blastsparks (safe; 1% risk of failure)
Confirm with . or Enter, or press ? or * to list all spells.
A cloud of volatile blastsparks flares up around you!
The yak bellows!
* * * LOW HITPOINT WARNING * * *
You are engulfed in volatile sparks.
Casting: Kindle Blastsparks (safe; 1% risk of failure)
Confirm with . or Enter, or press ? or * to list all spells.
A cloud of volatile blastsparks flares up around you!
* * * LOW HITPOINT WARNING * * *
You are engulfed in volatile sparks.
Casting: Kindle Blastsparks (safe; 1% risk of failure)
Confirm with . or Enter, or press ? or * to list all spells.
A cloud of volatile blastsparks flares up around you!
* * * LOW HITPOINT WARNING * * *
You are engulfed in volatile sparks.
The cloud of blastsparks explodes!
The concussive blast engulfs the yak.
The yak is moderately wounded.
The cloud of blastsparks explodes!
The concussive blast engulfs the yak!
The yak is heavily wounded.
The yak is knocked back by the blast.
The cloud of blastsparks explodes!
The yak attacks as you move away! The yak gores you!
You die...

.........$...#
.Yc###...#####
##### #.⌠.#
#...###...#
#........##
#.......+?
#.......##
#####.......#
#.......Y@..#
#.#.....###.# #
#.#......:...#
##.##............#
.................#
..........#####.##
......#.### .#
......#.# #
......#.#


You could see a yak.

Vanquished Creatures
  4 yaks (D:6)
  Eustachio (D:6)
  A water moccasin (D:4)
  A centaur (D:6)
  A phantom (D:6)
  A scorpion (D:4)
  A howler monkey (D:6)
  2 hounds (D:5)
  A jelly (D:6)
  An orc priest (D:4)
  A gnoll bouda (D:5)
  2 iguanas (D:5)
  Natasha (thrice) (D:3)
  3 orc wizards
  8 gnolls
  6 adders
  An ufetubus (D:5)
  4 worms
  2 dart slugs
  9 orcs
  5 ball pythons
  4 endoplasms
  6 giant cockroaches
  6 goblins
  A hobgoblin (D:2)
  7 jackals
  5 quokkas
  2 bats
  6 frilled lizards
  2 kobolds (D:1)
  5 rats
102 creatures vanquished.

Vanquished Creatures (others)
  227 foxfires
227 creatures vanquished.

Grand Total: 329 creatures vanquished

Notes
Turn   | Place    | Note
-------+----------+-------------------------------------------
     0 | D:1      | MisterAzrael the Djinni Fire Elementalist began the quest
                  | for the Orb.
     0 | D:1      | MisterAzrael set off with the following spells memorised:
                  | Foxfire, Scorch, Kindle Blastsparks, Inner Flame, Flame
                  | Wave.
     0 | D:1      | Reached XP level 1. HP: 15/15 MP: 0/0
   476 | D:1      | Reached XP level 2. HP: 21/22 MP: 0/0
   483 | D:1      | Reached skill level 1 in Fighting
  1231 | D:1      | Reached XP level 3. HP: 25/27 MP: 0/0
  1231 | D:1      | Learned a level 1 spell: Sting
  2205 | D:2      | Found a faded altar of an unknown god.
  2411 | D:2      | Identified the +3 dagger of the Shallot {vorpal, rC+}
  2579 | D:3      | Reached XP level 4. HP: 27/33 MP: 0/0
  2827 | D:3      | Noticed Natasha
  2833 | D:3      | Killed Natasha
  2834 | D:3      | Reached XP level 5. HP: 14/40 MP: 0/0
  2834 | D:3      | Learned a level 2 spell: Static Discharge
  3465 | D:3      | Noticed Natasha
  3778 | D:3      | Killed Natasha
  3793 | D:3      | Noticed Natasha
  3797 | D:3      | Killed Natasha
  4262 | D:4      | Noticed a water moccasin
  4271 | D:4      | Killed a water moccasin
  4272 | D:4      | Reached XP level 6. HP: 36/47 MP: 0/0
  4829 | D:4      | Reached XP level 7. HP: 24/53 MP: 0/0
  4829 | D:4      | Learned a level 2 spell: Passwall
  5795 | D:5      | Entered Level 5 of the Dungeon
  5810 | D:5      | Found a transporter.
  5935 | D:5      | Found a transporter.
  6010 | D:5      | Noticed a kobold demonologist
  6131 | D:5      | Reached skill level 5 in Fighting
  6873 | D:5      | Reached skill level 5 in Spellcasting
  7390 | D:6      | Reached XP level 8. HP: 48/60 MP: 0/0
  7457 | D:6      | Found a staircase to the Ecumenical Temple.
  7466 | D:6      | Noticed a yak
  7471 | Temple   | Entered the Ecumenical Temple
  7471 | Temple   | Noticed a red devil
  7472 | Temple   | Noticed Kearioq the pandemonium lord
  7472 | Temple   | Noticed Jueqy the pandemonium lord
  7472 | Temple   | Noticed a sun demon
  7472 | Temple   | Noticed a Brimstone Fiend
  7472 | Temple   | Noticed a Tzitzimitl
  7473 | Temple   | Noticed a rust devil
  7473 | Temple   | Noticed an orange demon
  7475 | Temple   | Noticed Ranolo the pandemonium lord
  7475 | Temple   | Noticed a Hell Sentinel
  7497 | Temple   | Noticed a blizzard demon
  7514 | Temple   | Noticed a Hell Sentinel
  7515 | Temple   | Noticed Fiwned the pandemonium lord
  7515 | Temple   | Noticed a reaper
  7516 | Temple   | Noticed an ice devil
  7533 | Temple   | Noticed Likludao the pandemonium lord
  7542 | Temple   | Noticed an Ice Fiend
  7543 | Temple   | Noticed Qiqejur the pandemonium lord
  7601 | D:6      | Noticed a yak
  7602 | D:6      | Noticed a yak
  7602 | D:6      | Noticed a yak
  7602 | D:6      | Noticed a yak
  7641 | D:6      | Killed a yak
  7651 | D:6      | Noticed Eustachio
  7665 | D:6      | Killed Eustachio
  7834 | D:6      | Killed a yak
  7854 | D:6      | Killed a yak
  7855 | D:6      | Reached XP level 9. HP: 11/67 MP: 0/0
  7855 | D:6      | Learned a level 4 spell: Hailstorm
  7917 | D:6      | Slain by a yak

Illustrated notes

Levels and vault maps discovered:
D:1:      heliophobic_arrival_glass_houses, layout_basic
D:2:      layout_basic, nicolae_ecumenical_oubliette
D:3:      layout_rooms, uniq_natasha
D:4:      layout_basic, minmay_misc_feat_ornament
D:5:      gammafunk_wand_slinger, layout_loops_corners, grunt_decor_cap
D:6:      layout_basic, minitemple, mainiacjoe_overflow_surrounded_room,
          minmay_temple_entry_junction, uniq_pikel, uniq_eustachio
Temple:   nicolae_temple_panitentiary

Skill      XL: |  1  2  3  4  5  6  7  8  9 |
---------------+----------------------------+-----
Fighting       | 1 2 4 5 6 7 |  7.0
Spellcasting   | 3 4 5 6 7 |  7.0
Dodging        | |  2.1
Stealth        | |  1.5

Action                   |  1- 3 |  4- 6 |  7- 9 || total
-------------------------+-------+-------+-------++-------
Melee: Unarmed           |     1 |       |       ||     1
       Dagger            |       |     1 |     2 ||     3
       Trident           |       |       |    15 ||    15
 Cast: Foxfire           |    82 |    36 |    18 ||   136
       Inner Flame       |     3 |    22 |    10 ||    35
       Scorch            |     2 |     4 |    40 ||    46
       Kindle Blastspark |       |    10 |     9 ||    19
       Static Discharge  |       |     3 |       ||     3
       Sting             |       |       |     6 ||     6
       Flame Wave        |       |       |     3 ||     3
  Use: Potion            |       |     6 |     9 ||    15
       Scroll            |       |     3 |     3 ||     6
 Stab: Sleeping          |       |       |     1 ||     1
Armor: Robe              |     6 |     7 |    11 ||    24
Dodge: Dodged            |    10 |    14 |    50 ||    74
Block: Other             |       |       |    13 ||    13
       Reflection        |       |       |     4 ||     4

Table legend: (Time is in decaauts)
 A = Elapsed time spent in this place.
 B = Non-inter-level travel time spent in this place.
 C = Inter-level travel time spent in this place.
 D = Time resting spent in this place.
 E = Time spent auto-exploring this place.
 F = Levels seen in this place.
 G = Mean time per level.
                   A        B        C        D        E       F      G
               +--------+--------+--------+--------+--------+-----+--------+
         Total |   7933 |   7860 |     73 |   2526 |   4084 |   7 | 1133.3 |
       Dungeon |   7805 |   7732 |     73 |   2526 |   4004 |   6 | 1300.8 |
        Temple |    127 |    127 |      0 |      0 |     80 |   1 |  127.0 |
               +--------+--------+--------+--------+--------+-----+--------+

Top non-repeatable levels by time:
     D:4: 1747 daAuts
     D:5: 1579 daAuts
     D:3: 1521 daAuts
     D:1: 1496 daAuts
     D:2: 1042 daAuts
     D:6: 419 daAuts
  Temple: 127 daAuts
